 Dungeon Crawl Stone Soup version 0.30-a0-639-g3916f1956a (webtiles) character file.

Game seed: 11697424612985614337

156 Newt the Trooper (level 5, 0/42 HPs)
             Began as a Demonspawn Gladiator on Jan 15, 2023.
             Was an Initiate of Hepliaklqana.
             Slain by a kobold brigand
             ... wielding a +0 short sword
              (8 damage)
             ... in a sewer.
             The game lasted 00:03:08 (2293 turns).

Newt the Trooper (Demonspawn Gladiator)             Turns: 2293, Time: 00:03:08

Health: 0/42       AC:  7    Str: 16    XL:     5   Next: 15%
Magic:  5/5        EV: 12    Int:  9    God:    Hepliaklqana [......]
Gold:   82         SH:  0    Dex: 15    Spells: 4/4 levels left

rFire   . . .      SeeInvis .    a - +0 rapier
rCold   . . .      Faith    .    (no shield)
rNeg    . . .      Spirit   .    b - +1 leather armour
rPois   .          Reflect  .    c - +0 helmet
rElec   .          Harm     .    (no cloak)
rCorr   .          Rampage  .    (no gloves)
Will    .....                    (no boots)
Stlth   +                        (no amulet)
HPRegen 0.27/turn                (no ring)
MPRegen 0.09/turn                (no ring)

@: very slow
A: thin metallic scales 1, weakness stinger 1
a: Renounce Religion


You were in a sewer.
You worshipped Hepliaklqana.
Hepliaklqana was noncommittal.
You visited 1 branch of the dungeon, and saw 3 of its levels.
You also visited: Sewer.

You collected 82 gold pieces.

Inventory:

Hand Weapons
 a - a +0 rapier (weapon)
Armour
 b - a +1 leather armour (worn)
 c - a +0 helmet (worn)
Scrolls
 d - a scroll of blinking
 g - 2 scrolls of enchant armour
Potions
 f - a potion of heal wounds {unknown}
 h - 2 potions of attraction
 i - 2 potions of haste {unknown}
 k - a potion of degeneration {unknown}
 n - a potion of magic


   Skills:
 - Level 4.0 Fighting
 - Level 2.6 Short Blades
 - Level 1.7 Throwing
 + Level 3.1 Dodging
 - Level 3.0 Stealth


You had 4 spell levels left.
You didn't know any spells.
Your spell library was empty.

Dungeon Overview and Level Annotations

Branches:
Dungeon (3/15)              Sewer (1/1)

Altars:
Hepliaklqana


Innate Abilities, Weirdness & Mutations

You are partially covered in thin metallic scales. (AC +2)
You have a small tail.


Message History

The kobold brigand hits you with a +0 short sword!
You are too injured to fight recklessly!
You are too injured to fight recklessly!
You are too injured to fight recklessly!
You are too injured to fight recklessly!
You are too injured to fight recklessly!
You are too injured to fight recklessly!
You are too injured to fight recklessly!
You are too injured to fight recklessly!
You are too injured to fight recklessly!
You are too injured to fight recklessly!
You are too injured to fight recklessly!
You are too injured to fight recklessly!
You are too injured to fight recklessly!
You are too injured to fight recklessly!
You are too injured to fight recklessly!
You are too injured to fight recklessly!
You are too injured to fight recklessly!
You are too injured to fight recklessly!
You are too injured to fight recklessly!
You are too injured to fight recklessly!
You are too injured to fight recklessly!
You are too injured to fight recklessly!
Your unstable footing causes you to fumble your attack.
The kobold brigand barely misses you.
Throw: javelin
Press: ? - help, Q - select action Shift-Dir - straight line, f - kobold brigand
Aim: a kobold brigand, wielding a +0 short sword and quivering poisoned darts (severely wounded, 53% to hit)
You throw a javelin.
The javelin pierces through the kobold brigand.
The kobold brigand is almost dead.
You hear a splash.
The kobold brigand hits you with a +0 short sword.
* * * LOW HITPOINT WARNING * * *
Your unstable footing causes you to fumble your attack.
The kobold brigand hits you with a +0 short sword.
* * * LOW HITPOINT WARNING * * *
Your unstable footing causes you to fumble your attack.
The kobold brigand hits you with a +0 short sword!
You die...

####...## ###
~~~...~# #~###P
####.~..## #~##.P
#(#~...~~# #~##.#
#~#.~~~~)# #~#..~
#~######.## #†#..#
#~#~~~†~.~###~#...
#K######~~.##~#.∩.
#@#~~~.....~#)#.∩.
#~#P.~.~.~..#~#...
###~#...~.~~~~.....≈
#.~....P..#........≈
#.##.#..P###..P....#
## ####### #########


You could see a kobold brigand.

Vanquished Creatures
  A kobold brigand (Sewer)
  2 adders (Sewer)
  A river rat (Sewer)
  A dart slug (D:2)
  An orc (D:3)
  6 bats
  4 endoplasms
  8 giant cockroaches
  A goblin (D:1)
  6 hobgoblins
  3 jackals (Sewer)
  3 quokkas (D:1)
  7 ball pythons
  5 frilled lizards
  6 kobolds
  9 rats
64 creatures vanquished.

Vanquished Creatures (others)
  17 plants
17 creatures vanquished.

Grand Total: 81 creatures vanquished

Notes
Turn   | Place    | Note
-------+----------+-------------------------------------------
     0 | D:1      | Newt the Demonspawn Gladiator began the quest for the Orb.
     0 | D:1      | Reached XP level 1. HP: 16/16 MP: 1/1
   108 | D:1      | Reached skill level 1 in Stealth
   181 | D:1      | Gained mutation: You have a small tail. [demonic ancestry]
   181 | D:1      | Reached XP level 2. HP: 22/22 MP: 2/2
   694 | D:1      | Reached XP level 3. HP: 27/27 MP: 3/3
  1619 | D:3      | Found a faded altar of an unknown god.
  1689 | D:3      | Found a hazy altar of Hepliaklqana.
  1698 | D:3      | Became a worshipper of Hepliaklqana the Forgotten
  1754 | D:3      | Found a glowing drain.
  1784 | Sewer    | Entered a sewer
  1813 | Sewer    | Reached XP level 4. HP: 9/34 MP: 4/4
  1941 | Sewer    | Reached skill level 3 in Fighting
  2155 | Sewer    | Noticed a kobold brigand
  2182 | Sewer    | Killed a kobold brigand
  2183 | Sewer    | Reached skill level 4 in Fighting
  2183 | Sewer    | Gained mutation: You are partially covered in thin metallic
                  | scales. (AC +2) [demonic ancestry]
  2183 | Sewer    | Reached XP level 5. HP: 33/42 MP: 5/5
  2293 | Sewer    | Slain by a kobold brigand

Illustrated notes

Levels and vault maps discovered:
D:1:      tarquinn_simple_flora_water_d, layout_basic
D:2:      layout_loops_ring
D:3:      layout_rooms, nicolae_ru_path_of_blood,
          nicolae_hepliaklqana_hazy_memory, gup_sewer_entry_pipe,
          nicolae_ecumenical_pavilion, kennysheep_flooded_box,
          corexii_hall_statues_l, patterned_corridor
Sewer:    sewer_co_scattered_pipes

Skill      XL: |  1  2  3  4 |
---------------+-------------+-----
Stealth        | 1 2 3 |  3.0
Fighting       | 4 |  4.0
Dodging        | 3 |  3.1
Short Blades   | |  2.6
Throwing       | |  1.7

Action                   |  1- 3 |  4- 6 || total
-------------------------+-------+-------++-------
Melee: Rapier            |   149 |   114 ||   263
       Tailslap          |    14 |     8 ||    22
Throw: Throwing net      |       |     3 ||     3
       Javelin           |       |     2 ||     2
  Use: Scroll            |     7 |       ||     7
       Potion            |     4 |     1 ||     5
 Stab: Sleeping          |    11 |       ||    11
       Distracted        |     1 |       ||     1
       Held in net/web   |       |     1 ||     1
Armor: Leather armour    |    49 |    40 ||    89
Dodge: Dodged            |   104 |    80 ||   184

Table legend: (Time is in decaauts)
 A = Elapsed time spent in this place.
 B = Non-inter-level travel time spent in this place.
 C = Inter-level travel time spent in this place.
 D = Time resting spent in this place.
 E = Time spent auto-exploring this place.
 F = Levels seen in this place.
 G = Mean time per level.
                   A        B        C        D        E       F      G
               +--------+--------+--------+--------+--------+-----+--------+
         Total |   2360 |   2314 |     46 |    381 |   1343 |   4 |  590.0 |
       Dungeon |   1809 |   1763 |     46 |    115 |   1259 |   3 |  603.0 |
         Sewer |    550 |    550 |      0 |    266 |     84 |   1 |  550.0 |
               +--------+--------+--------+--------+--------+-----+--------+

Top non-repeatable levels by time:
     D:1: 918 daAuts
     D:2: 717 daAuts
   Sewer: 550 daAuts
     D:3: 173 daAuts
